Map: Romanticide LE

Players

TeebuL - Winner!

  • Race: Protoss Protoss
  • Spawn Location: 11:00

BlysK

  • Race: Protoss Protoss
  • League: Master
  • Spawn Location: 5:00

Event: DreamHack SC2 Masters 2020 Winter

VOD

Have the link to the VOD?

Description

Time

  • Played on: Oct. 18, 2020, 6:05 a.m.
  • Length: 18:10

All games in this series

Show
View Real Time Build Order
Export as new Build Order

TeebuL Protoss - Winner!

Build Orders:  

Get SALT Encoding   

  12  0:00  Probe  
  13  0:12  Probe  
  14  0:17  Pylon  
  14  0:24  Probe (Chrono Boost)  
  15  0:37  Probe (Chrono Boost)  
  15  0:38  Gateway  
  16  0:43  Probe (Chrono Boost)  
  16  0:47  Assimilator  
  17  0:52  Probe  
  17  0:55  Assimilator  
  18  1:04  Probe  
  19  1:08  Gateway  
  19  1:16  Probe (Chrono Boost)  
  21  1:27  Cybernetics Core, Probe (Chrono Boost)  
  21  1:32  Probe (Chrono Boost)  
  21  1:36  Pylon  
  22  1:42  Probe  
  23  1:54  Probe  
  24  2:04  Stalker x2, Warp Gate  
  28  2:17  Pylon, Probe  
  29  2:23  Shield Battery  
  28  2:34  Stalker  
  28  2:35  Stalker  
  32  2:42  Shield Battery  
  32  3:01  Nexus  
  32  3:04  Sentry  
  34  3:10  Probe, Sentry  
  37  3:17  Pylon  
  37  3:25  Probe  
  38  3:38  Shield Battery, Probe  
  39  3:43  Twilight Council  
  39  3:52  Probe  
  39  3:55  Stalker  
  42  3:56  Stalker  
  44  4:04  Probe (Chrono Boost)  
  45  4:16  Probe (Chrono Boost)  
  47  4:17  Probe (Chrono Boost)  
  47  4:18  Blink (Chrono Boost)  
  49  4:24  Probe (Chrono Boost)  
  49  4:25  Probe (Chrono Boost)  
  49  4:30  Probe x2 (Chrono Boost)  
  51  4:38  Robotics Facility  
  51  4:42  Forge, Probe  
  52  4:47  Probe  
  52  4:52  Pylon  
  53  4:54  Probe, Sentry  
  53  4:59  Probe  
  57  5:03  Assimilator  
  57  5:06  Probe  
  58  5:10  Protoss Ground Weapons Level 1 (Chrono Boost)  
  58  5:11  Probe  
  59  5:18  Probe  
  59  5:21  Stalker x2  
  62  5:23  Probe  
  62  5:26  Observer (Chrono Boost)  
  66  5:31  Probe  
  67  5:42  Nexus  
  67  5:43  Pylon  
  67  5:45  Observer  
  67  5:48  Probe  
  69  5:51  Gateway  
  69  5:54  Gateway  
  69  5:55  Probe  
  70  6:09  Stalker x2  
  74  6:17  Pylon  
  74  6:18  Pylon  
  74  6:30  Pylon x2  
  74  6:35  Pylon  
  74  6:36  Immortal (Chrono Boost)  
  74  6:37  Observer  
  78  6:43  Stalker x2  
  78  6:44  Probe x2  
  82  6:47  Assimilator  
  82  6:56  Dark Shrine  
  82  7:00  Protoss Ground Weapons Level 2 (Chrono Boost)  
  82  7:01  Nexus  
  82  7:04  Pylon  
  82  7:06  Probe  
  82  7:08  Warp Prism (Chrono Boost)  
  83  7:12  Probe  
  86  7:15  Robotics Bay  
  86  7:20  Photon Cannon, Pylon  
  86  7:22  Probe  
  87  7:26  Probe  
  88  7:30  Stalker x2  
  92  7:40  Probe  
  92  7:42  Stalker x2  
  97  7:50  Probe  
  98  7:55  Stalker x2  
  102  7:59  Probe  
  102  8:02  Probe  
  102  8:11  Probe  
  102  8:13  Probe  
  102  8:14  Disruptor (Chrono Boost)  
  102  8:15  Probe  
  107  8:23  Probe  
  107  8:26  Probe  
  107  8:27  Probe  
  110  8:31  Assimilator  
  110  8:32  Assimilator  
  110  8:35  Dark Templar x2, Probe  
  110  8:37  Photon Cannon  
  110  8:38  Probe  
  110  8:39  Probe  
  110  8:41  Photon Cannon  
  117  8:46  Photon Cannon, Pylon  
  117  8:48  Dark Templar  
  120  8:55  Observer  
  120  8:58  Probe x3  
  123  9:18  Gateway  
  123  9:19  Disruptor (Chrono Boost)  
  123  9:20  Gateway, Pylon  
  123  9:23  Gateway  
  126  9:25  Stalker x2  
  126  9:26  Gateway  
  126  9:28  Pylon  
  126  9:36  Dark Templar x2  
  129  9:42  Protoss Ground Weapons Level 3 (Chrono Boost)  
  129  9:44  Nexus  
  129  9:48  Pylon  
  129  9:55  Charge (Chrono Boost)  
  129  9:59  Disruptor  
  128  10:06  Stalker x2  
  135  10:22  Dark Templar x2, Zealot x4  
  145  10:37  Nexus  
  145  10:39  Pylon  
  133  10:51  Disruptor (Chrono Boost)  
  132  10:57  Robotics Facility  
  132  11:00  Stalker x7  
  146  11:09  Dark Templar  
  146  11:12  Probe  
  146  11:16  Photon Cannon x2  
  146  11:17  Pylon  
  147  11:31  Probe  
  148  11:33  Zealot x7  
  160  11:50  Dark Templar, Probe x2  
  162  11:54  Zealot x2  
  162  11:55  Zealot x3  
  162  11:56  Disruptor  
  173  12:08  Disruptor  
  166  12:14  Zealot x2  
  155  12:20  Dark Templar x2  
  156  12:27  Zealot x4  
  136  12:35  Dark Templar  
  101  13:01  Dark Templar x2  
  65  13:54  Nexus  
  61  13:57  Observer  
  61  14:51  Pylon  
  59  15:17  Observer  
Show
View Real Time Build Order
Export as new Build Order

BlysK Protoss 

Build Orders: Phoenix Opening 

Get SALT Encoding   

  12  0:00  Probe  
  13  0:12  Probe  
  14  0:17  Pylon  
  14  0:24  Probe (Chrono Boost)  
  16  0:36  Probe (Chrono Boost)  
  16  0:39  Gateway  
  16  0:43  Probe (Chrono Boost)  
  16  0:45  Assimilator  
  17  0:50  Probe  
  17  0:54  Assimilator  
  18  1:03  Probe  
  19  1:10  Gateway  
  19  1:15  Probe  
  20  1:26  Cybernetics Core  
  20  1:27  Probe  
  21  1:39  Probe  
  22  1:42  Pylon  
  22  1:51  Probe  
  23  2:01  Stalker (Chrono Boost)  
  23  2:02  Warp Gate  
  23  2:03  Stalker (Chrono Boost)  
  27  2:09  Pylon  
  27  2:22  Stalker  
  29  2:23  Probe  
  29  2:27  Stalker  
  32  2:36  Probe  
  32  2:53  Nexus  
  32  2:58  Sentry x2  
  36  3:05  Shield Battery  
  36  3:07  Probe  
  37  3:15  Pylon  
  37  3:19  Probe  
  38  3:31  Probe (Chrono Boost)  
  38  3:33  Robotics Facility  
  39  3:36  Phoenix  
  39  3:43  Probe (Chrono Boost)  
  40  3:50  Probe (Chrono Boost)  
  40  3:54  Shield Battery  
  41  4:00  Gateway, Probe (Chrono Boost)  
  42  4:05  Probe (Chrono Boost)  
  43  4:15  Probe x2 (Chrono Boost)  
  45  4:19  Immortal (Chrono Boost)  
  45  4:20  Probe (Chrono Boost)  
  45  4:23  Probe  
  51  4:31  Probe  
  51  4:35  Probe  
  53  4:39  Twilight Council  
  53  4:43  Probe  
  54  4:47  Probe  
  54  4:51  Warp Prism (Chrono Boost)  
  57  4:53  Gateway  
  57  4:55  Probe  
  57  4:58  Pylon  
  58  5:01  Sentry  
  58  5:03  Probe  
  61  5:07  Pylon  
  61  5:08  Blink (Chrono Boost), Probe  
  62  5:15  Assimilator  
  62  5:16  Probe  
  62  5:20  Pylon, Observer (Chrono Boost)  
  64  5:25  Stalker  
  64  5:27  Stalker  
  68  5:30  Probe  
  68  5:32  Stalker  
  68  5:34  Probe  
  72  5:44  Probe  
  72  5:48  Stalker  
  72  5:49  Stalker  
  77  5:50  Stalker  
  77  5:56  Stalker  
  81  5:57  Probe  
  81  5:59  Pylon  
  82  6:12  Nexus  
  80  6:27  Probe  
  80  6:28  Probe, Immortal (Chrono Boost)  
  80  6:31  Forge  
  86  6:33  Assimilator, Adept x2  
  90  6:47  Probe  
  89  6:50  Probe  
  89  6:54  Robotics Bay  
  88  6:57  Stalker x2  
  88  6:58  Gateway  
  88  6:59  Pylon, Probe  
  93  7:02  Phoenix, Probe  
  94  7:10  Dark Shrine  
  94  7:11  Shield Battery  
  94  7:15  Pylon  
  94  7:17  Protoss Ground Weapons Level 1 (Chrono Boost), Probe  
  95  7:22  Pylon  
  95  7:24  Probe  
  95  7:25  Probe  
  95  7:27  Immortal (Chrono Boost)  
  95  7:29  Probe  
  98  7:32  Charge  
  98  7:36  Probe  
  103  7:37  Probe  
  103  7:39  Stalker  
  102  7:47  Probe  
  104  7:51  Gateway  
  104  7:53  Gateway  
  104  7:54  Adept  
  104  7:55  Adept  
  104  7:56  Disruptor (Chrono Boost)  
  108  8:09  Stalker x3  
  110  8:13  Phoenix  
  110  8:16  Probe  
  110  8:17  Probe  
  112  8:20  Photon Cannon  
  112  8:22  Disruptor (Chrono Boost)  
  112  8:26  Photon Cannon  
  115  8:35  Assimilator, Phoenix  
  115  8:38  Assimilator  
  115  8:42  Gateway  
  115  8:43  Photon Cannon  
  115  8:47  Photon Cannon, Disruptor (Chrono Boost)  
  115  8:49  Pylon  
  115  8:51  Photon Cannon  
  115  8:52  Shield Battery  
  115  8:55  Photon Cannon  
  118  9:02  Probe x2  
  120  9:04  Probe  
  120  9:07  Pylon  
  121  9:14  Disruptor (Chrono Boost)  
  121  9:15  Protoss Ground Weapons Level 2 (Chrono Boost)  
  124  9:23  Robotics Facility  
  124  9:31  Stalker x3  
  124  9:32  Stalker x3  
  136  9:42  Warp Prism (Chrono Boost)  
  138  9:49  Pylon  
  138  10:15  Disruptor (Chrono Boost)  
  138  10:20  Zealot  
  138  10:21  Zealot x7  
  139  10:41  Observer (Chrono Boost)  
  137  10:46  Probe  
  138  10:51  Observer (Chrono Boost)  
  138  10:52  Photon Cannon  
  138  10:56  Probe  
  140  10:57  Gravitic Boosters  
  140  10:58  Disruptor  
  140  11:01  Probe  
  144  11:05  Photon Cannon  
  144  11:06  Shield Battery  
  144  11:10  Photon Cannon  
  144  11:13  Nexus  
  144  11:15  Photon Cannon  
  144  11:17  Shield Battery  
  144  11:18  Photon Cannon  
  144  11:19  Disruptor  
  144  11:20  Pylon  
  144  11:21  Dark Shrine  
  145  11:28  Zealot x3  
  145  11:29  Zealot x3  
  157  11:39  Observer  
  158  11:41  Pylon, Probe  
  158  11:42  Pylon  
  158  11:44  Pylon  
  158  11:45  Gateway  
  159  11:52  Stalker  
  157  12:05  Zealot x4  
  157  12:06  Zealot  
  141  12:18  Disruptor  
  134  12:28  Stalker x5  
  134  12:29  Stalker x2  
  104  13:59  Nexus  
  100  15:36  Pylon  
  79  16:07  Assimilator  
  78  16:18  Pylon  
  78  16:41  Pylon  
  77  16:49  Pylon  
Tags
 
Add a new tag
Caveats
  • Supply blocks, unpowered buildings, or Contaminate may cause inaccurate times.
  • Supply counts are checked every 10 seconds.